| TOP OF THE 1ST |
|
Washington Nationals batting - Pitching for Arizona Diamondbacks : RHP Art Nobles
|
|
Pitching: RHP Art Nobles
|
|
|
Batting: SHB Andrew Wray II
|
0-0: Foul Ball, location: 2F 0-1: Ball 1-1: Ground out 6-3 (Groundball, 6S, EV 63.1 MPH)
|
|
Batting: RHB C.J. Beavers
|
0-0: Foul Ball, location: 2F 0-1: SINGLE (Groundball, 6D, EV 98.1 MPH)
|
|
Batting: LHB R.J. O'Brien
|
0-0: Called Strike 0-1: SINGLE (Groundball, 6MD, EV 106.9 MPH) C.J. Beavers to second
|
|
Batting: SHB Junzo Kato
|
0-0: Ball 1-0: Ball 2-0: Foul Ball, location: 2F 2-1: Swinging Strike 2-2: Ball 3-2: Base on Balls C.J. Beavers to third R.J. O'Brien to second
|
|
Batting: RHB Tommy Baird
|
0-0: Called Strike 0-1: Ball 1-1: Ball 2-1: Foul Ball, location: 2F 2-2: Ball 3-2: Base on Balls C.J. Beavers scores R.J. O'Brien to third Junzo Kato to second
|
|
Batting: RHB John Sanders
|
0-0: SINGLE (Groundball, 4MD, EV 103.1 MPH) R.J. O'Brien scores Junzo Kato to third Tommy Baird to second Runner from 3rd tries for Home, SAFE, throw by CF to home
|
|
Batting: RHB Mike Blair
|
0-0: Ball 1-0: Ball Tommy Baird steals 3rd base John Sanders to second 2-0: Fly out, F8 (Flyball, 89M, EV 87.5 MPH) Runner from 3rd tags up, OUT at HOME! 8-2
|
| Top of the 1st over - 3 runs, 3 hits, 0 errors, 1 left on base; Washington 3 - Arizona 0 |
| BOTTOM OF THE 1ST |
|
Arizona Diamondbacks batting - Pitching for Washington Nationals : LHP Dale Ahernfeld
|
|
Pitching: LHP Dale Ahernfeld
|
|
|
Batting: RHB Katilimomi Kelekolio
|
0-0: Foul Ball, location: 2F 0-1: Ball 1-1: Ball 2-1: Called Strike 2-2: Ground out 6-3 (Groundball, 6, EV 104.4 MPH)
|
|
Batting: SHB Valentin Laporte
|
0-0: Ball 1-0: Foul Ball, location: 2F 1-1: SOLO HOME RUN (Flyball, 7D, EV 106.3 MPH), Distance : 418 ft
|
|
Batting: SHB Alec Thorpe
|
0-0: Ball 1-0: Ball 2-0: Ball 3-0: Base on Balls
|
|
Batting: RHB David Price Jr.
|
0-0: Foul Ball, location: 2F 0-1: Ball 1-1: Ball Alec Thorpe steals 2nd base (no throw) 2-1: Called Strike 2-2: Fly out, F9 (Line Drive, 9, EV 88.1 MPH)
|
|
Batting: LHB Eric Klasek
|
0-0: Ball 1-0: 2-RUN HOME RUN (Flyball, 9D, EV 95.6 MPH), Distance : 380 ft
|
|
Batting: RHB Luis Villanueva
|
0-0: SINGLE (Line Drive, 4MD, EV 104.4 MPH)
|
|
Batting: RHB Blake Ballard
|
0-0: Ball 1-0: Called Strike 1-1: Ball 2-1: Swinging Strike 2-2: Fielders Choice at 2nd, 6-4 (Groundball, 6, EV 77.5 MPH)
|
| Bottom of the 1st over - 3 runs, 3 hits, 0 errors, 1 left on base; Washington 3 - Arizona 3 |
| TOP OF THE 2ND |
|
Washington Nationals batting - Pitching for Arizona Diamondbacks : RHP Art Nobles
|
|
Batting: LHB Yasahiko Teshima
|
0-0: Swinging Strike 0-1: Swinging Strike 0-2: Fly out, F8 (Flyball, 8LS, EV 89.4 MPH)
|
|
Batting: RHB Ryan Short
|
0-0: Ball 1-0: Fly out, F8 (Flyball, 8RD, EV 98.8 MPH)
|
|
Batting: SHB Andrew Wray II
|
0-0: Called Strike 0-1: Foul Ball, location: 2F 0-2: Ball 1-2: Ball 2-2: Ground out 2-3 (Groundball, 2L, EV 66.3 MPH)
|
| Top of the 2nd over - 0 runs, 0 hits, 0 errors, 0 left on base; Washington 3 - Arizona 3 |
| BOTTOM OF THE 2ND |
|
Arizona Diamondbacks batting - Pitching for Washington Nationals : LHP Dale Ahernfeld
|
|
Batting: RHB Fabrice Bertin
|
0-0: Ground out 5-3 (Groundball, 56S, EV 90.0 MPH)
|
|
Batting: LHB Roy Steigerwald
|
0-0: Ball 1-0: Ball 2-0: DOUBLE (Groundball, 3L, EV 98.1 MPH)
|
|
Batting: RHB Katilimomi Kelekolio
|
0-0: Ball 1-0: Swinging Strike 1-1: Foul Ball, location: 2F 1-2: SINGLE (Groundball, 56S, EV 71.3 MPH) (infield hit) Roy Steigerwald to third
|
|
Batting: SHB Valentin Laporte
|
0-0: Ball 1-0: Ball 2-0: Ball 3-0: Base on Balls Katilimomi Kelekolio to second
|
|
Batting: SHB Alec Thorpe
|
0-0: Ball 1-0: Ball 2-0: Ball 3-0: Base on Balls Roy Steigerwald scores Katilimomi Kelekolio to third Valentin Laporte to second
|
|
Batting: RHB David Price Jr.
|
0-0: Ball 1-0: Fly out, F8 (Flyball, 8RM, EV 90.6 MPH) Runner from 3rd tags up, SCORES, no throw by CF
|
|
Batting: LHB Eric Klasek
|
0-0: Called Strike 0-1: Ball 1-1: Ball 2-1: Ball 3-1: Fly out, F8 (Line Drive, 8RD, EV 103.8 MPH)
|
| Bottom of the 2nd over - 2 runs, 2 hits, 0 errors, 2 left on base; Washington 3 - Arizona 5 |
| TOP OF THE 3RD |
|
Washington Nationals batting - Pitching for Arizona Diamondbacks : RHP Art Nobles
|
|
Batting: RHB C.J. Beavers
|
0-0: Ball 1-0: Called Strike 1-1: Fly out, F7 (Flyball, 7LS, EV 76.3 MPH)
|
|
Batting: LHB R.J. O'Brien
|
0-0: Foul Ball, location: 2F 0-1: Ball 1-1: Called Strike 1-2: Foul Ball, location: 2F 1-2: Ball 2-2: Ball 3-2: Base on Balls
|
|
Batting: SHB Junzo Kato
|
0-0: Ball 1-0: Ball 2-0: Ball 3-0: SINGLE (Groundball, 4MS, EV 76.9 MPH) (infield hit) R.J. O'Brien to second
|
|
Batting: RHB Tommy Baird
|
0-0: Swinging Strike 0-1: Called Strike 0-2: Ball 1-2: Strikes out looking
|
|
Batting: RHB John Sanders
|
0-0: Ground out 5-3 (Groundball, 56S, EV 65.0 MPH)
|
| Top of the 3rd over - 0 runs, 1 hit, 0 errors, 2 left on base; Washington 3 - Arizona 5 |
| BOTTOM OF THE 3RD |
|
Arizona Diamondbacks batting - Pitching for Washington Nationals : LHP Dale Ahernfeld
|
|
Batting: RHB Luis Villanueva
|
0-0: Ball 1-0: Ball 2-0: Fly out, F8 (Flyball, 89XD, EV 88.1 MPH)
|
|
Batting: RHB Blake Ballard
|
0-0: Ground out 5-3 (Groundball, 56, EV 85.6 MPH)
|
|
Batting: RHB Fabrice Bertin
|
0-0: Called Strike 0-1: Called Strike 0-2: Ball 1-2: Ball 2-2: Fly out, F8 (Flyball, 8RXD, EV 91.3 MPH)
|
| Bottom of the 3rd over - 0 runs, 0 hits, 0 errors, 0 left on base; Washington 3 - Arizona 5 |
| TOP OF THE 4TH |
|
Washington Nationals batting - Pitching for Arizona Diamondbacks : RHP Art Nobles
|
|
Batting: RHB Mike Blair
|
0-0: Called Strike 0-1: Foul Ball, location: 2F 0-2: Ball 1-2: Ball 2-2: Foul Ball, location: 2F 2-2: Foul Ball, location: 2F 2-2: Strikes out swinging
|
|
Batting: LHB Yasahiko Teshima
|
0-0: Called Strike 0-1: Foul Ball, location: 2F 0-2: Foul Ball, location: 2F 0-2: Foul Ball, location: 2F 0-2: Ball 1-2: Strikes out swinging
|
|
Batting: RHB Ryan Short
|
0-0: Foul Ball, location: 2F 0-1: Ball 1-1: Ball 2-1: SINGLE (Groundball, 56D, EV 95.0 MPH)
|
|
Batting: SHB Andrew Wray II
|
0-0: Foul Ball, location: 2F 0-1: Foul Ball, location: 2F 0-2: Ball 1-2: Fielders Choice at 2nd, 6-4 (Groundball, 6, EV 85.6 MPH)
|
| Top of the 4th over - 0 runs, 1 hit, 0 errors, 1 left on base; Washington 3 - Arizona 5 |
| BOTTOM OF THE 4TH |
|
Arizona Diamondbacks batting - Pitching for Washington Nationals : LHP Dale Ahernfeld
|
|
Batting: LHB Roy Steigerwald
|
0-0: Called Strike 0-1: Ball 1-1: Called Strike 1-2: DOUBLE (Flyball, 8LXD, EV 108.8 MPH)
|
|
Pitching: RHP Justin Ashton
|
|
|
Batting: RHB Katilimomi Kelekolio
|
0-0: Called Strike 0-1: Ball 1-1: Ball 2-1: Ball 3-1: Base on Balls
|
|
Batting: SHB Valentin Laporte
|
0-0: Ball 1-0: Ball 2-0: Called Strike 2-1: Fly out, F6 (Line Drive, 6, EV 71.3 MPH)
|
|
Batting: SHB Alec Thorpe
|
0-0: Ball 1-0: Foul Ball, location: 2F 1-1: Ball 2-1: Foul Ball, location: 2F 2-2: SINGLE (Flyball, 7LS, EV 85.6 MPH) Roy Steigerwald to third Katilimomi Kelekolio to second
|
|
Batting: RHB David Price Jr.
|
0-0: Swinging Strike 0-1: Ball 1-1: DOUBLE (Line Drive, 7LM, EV 107.5 MPH) Roy Steigerwald scores Katilimomi Kelekolio scores Alec Thorpe to third
|
|
Batting: LHB Eric Klasek
|
0-0: Swinging Strike 0-1: Called Strike 0-2: Strikes out looking
|
|
Batting: RHB Luis Villanueva
|
0-0: Ball 1-0: Ground out 6-3 (Groundball, 56, EV 108.1 MPH)
|
| Bottom of the 4th over - 2 runs, 3 hits, 0 errors, 2 left on base; Washington 3 - Arizona 7 |
| TOP OF THE 5TH |
|
Washington Nationals batting - Pitching for Arizona Diamondbacks : RHP Art Nobles
|
|
Pitching: RHP Aaron Munt
|
|
|
Batting: RHB C.J. Beavers
|
0-0: Ground out 5-3 (Groundball, 56, EV 91.9 MPH)
|
|
Batting: LHB R.J. O'Brien
|
0-0: Called Strike 0-1: Ball 1-1: Called Strike 1-2: Strikes out looking
|
|
Batting: SHB Junzo Kato
|
0-0: Ball 1-0: DOUBLE (Line Drive, 7LM, EV 115.0 MPH)
|
|
Batting: RHB Tommy Baird
|
0-0: Ball 1-0: Foul Ball, location: 2F 1-1: Swinging Strike 1-2: Strikes out swinging
|
| Top of the 5th over - 0 runs, 1 hit, 0 errors, 1 left on base; Washington 3 - Arizona 7 |
| BOTTOM OF THE 5TH |
|
Arizona Diamondbacks batting - Pitching for Washington Nationals : RHP Justin Ashton
|
|
Batting: RHB Blake Ballard
|
0-0: Called Strike 0-1: Fly out, F8 (Flyball, 8RM, EV 86.3 MPH)
|
|
Batting: RHB Fabrice Bertin
|
0-0: Ball 1-0: Ground out 4-3 (Groundball, 4M, EV 99.4 MPH)
|
|
Batting: LHB Roy Steigerwald
|
0-0: Ball 1-0: Ball 2-0: Called Strike 2-1: Fly out, F8 (Flyball, 8LXD, EV 88.8 MPH)
|
| Bottom of the 5th over - 0 runs, 0 hits, 0 errors, 0 left on base; Washington 3 - Arizona 7 |
| TOP OF THE 6TH |
|
Washington Nationals batting - Pitching for Arizona Diamondbacks : RHP Aaron Munt
|
|
Batting: RHB John Sanders
|
0-0: Ball 1-0: Ball 2-0: Called Strike 2-1: Foul Ball, location: 2F 2-2: Foul Ball, location: 2F 2-2: SINGLE (Groundball, 6D, EV 97.5 MPH)
|
|
Batting: RHB Mike Blair
|
0-0: Foul Ball, location: 2F 0-1: Ball 1-1: Ball 2-1: SINGLE (Line Drive, 78S, EV 106.9 MPH) John Sanders to second
|
|
Batting: LHB Yasahiko Teshima
|
0-0: SINGLE (Line Drive, 78S, EV 99.4 MPH) John Sanders to third Mike Blair to second
|
|
Pinch Hitting: LHB Dillon Gonzalez
|
0-0: Swinging Strike 0-1: Ball 1-1: Ball 2-1: Called Strike 2-2: SINGLE (Groundball, 34D, EV 98.8 MPH) John Sanders scores Mike Blair to third Yasahiko Teshima to second
|
|
Pinch Hitting: RHB Luis Ramos
|
0-0: SINGLE (Groundball, 56, EV 95.0 MPH) Mike Blair scores Yasahiko Teshima to third Dillon Gonzalez to second
|
|
Batting: LHB Armando Carbajal
|
0-0: Grounds into double play, 6-2-3 (Groundball, 4, EV 89.4 MPH) Dillon Gonzalez to third Luis Ramos to second
|
|
Pinch Hitting: RHB Jared Speck
|
0-0: DOUBLE (Line Drive, 7LM, EV 103.1 MPH) Dillon Gonzalez scores Luis Ramos scores
|
|
Pitching: RHP Gerardo Camacho
|
|
|
Pinch Hitting: RHB Masashi Yukizawa
|
0-0: Swinging Strike 0-1: Ball 1-1: Ball Wild Pitch! Jared Speck to third 2-1: Ball 3-1: Foul Ball, location: 2F 3-2: Base on Balls
|
|
Batting: RHB Tommy Baird
|
0-0: Called Strike Masashi Yukizawa steals 2nd base 0-1: Ground out 2-3 (Groundball, 2L, EV 63.1 MPH)
|
| Top of the 6th over - 4 runs, 6 hits, 0 errors, 2 left on base; Washington 7 - Arizona 7 |
| BOTTOM OF THE 6TH |
|
Arizona Diamondbacks batting - Pitching for Washington Nationals : RHP Justin Ashton
|
|
Now at 3B: Dan Fallon
|
|
|
Now at SS: Masashi Yukizawa
|
|
|
Now in LF: Jared Speck
|
|
|
Now in CF: Tommy Baird
|
|
|
Now in RF: Luis Ramos
|
|
|
Pinch Hitting: RHB Jon Solano
|
0-0: Ball 1-0: Ball 2-0: Called Strike 2-1: Ball 3-1: Foul Ball, location: 2F 3-2: Base on Balls
|
|
Pinch Hitting: RHB Mario Soto
|
0-0: Ball 1-0: Foul Ball, location: 2F 1-1: Foul Ball, location: 2F 1-2: Strikes out swinging
|
|
Pinch Hitting: RHB Andy Swaim
|
0-0: Ball 1-0: Ball 2-0: Fly out, F9 (Flyball, 89M, EV 90.0 MPH)
|
|
Pinch Hitting: LHB Kyle Beaulieu
|
0-0: Ball 1-0: Ball 2-0: Fielders Choice at 2nd, 6-4 (Groundball, 6, EV 102.5 MPH)
|
| Bottom of the 6th over - 0 runs, 0 hits, 0 errors, 1 left on base; Washington 7 - Arizona 7 |
| TOP OF THE 7TH |
|
Washington Nationals batting - Pitching for Arizona Diamondbacks : RHP Gerardo Camacho
|
|
Now at 1B: Mario Soto
|
|
|
Now at 2B: Kyle Beaulieu
|
|
|
Now at 3B: Andy Swaim
|
|
|
Now at SS: Jon Solano
|
|
|
Pinch Hitting: LHB Sidney Pedder
|
0-0: Called Strike 0-1: Called Strike 0-2: Ball 1-2: Foul Ball, location: 2F 1-2: Foul Ball, location: 2F 1-2: Ball 2-2: Foul Ball, location: 2F 2-2: DOUBLE (Line Drive, 8LD, EV 105.6 MPH)
|
|
Batting: RHB Mike Blair
|
0-0: SINGLE (Line Drive, 8RS, EV 103.8 MPH) Sidney Pedder to third Runner from 3rd tries for Home, throw by CF and OUT! 8-2
|
|
Batting: LHB Yasahiko Teshima
|
0-0: Ball 1-0: Ground out 6-3 (Groundball, 4, EV 78.8 MPH) Mike Blair to second
|
|
Batting: RHB Dan Fallon
|
0-0: Ball 1-0: SINGLE (Line Drive, 56D, EV 103.1 MPH) Mike Blair to third Runner from 3rd tries for Home, SAFE, throw by LF to home
|
|
Batting: RHB Luis Ramos
|
0-0: Foul Ball, location: 2F 0-1: Ground out 1-3 (Groundball, 15S, EV 69.4 MPH)
|
| Top of the 7th over - 1 run, 3 hits, 0 errors, 1 left on base; Washington 8 - Arizona 7 |
| BOTTOM OF THE 7TH |
|
Arizona Diamondbacks batting - Pitching for Washington Nationals : RHP Justin Ashton
|
|
Pitching: RHP Chris Painter
|
|
|
Now at 2B: Sidney Pedder
|
|
|
Batting: RHB Shiro Suehiro
|
0-0: Ball 1-0: Ball 2-0: Foul Ball, location: 2F 2-1: Ground out 6-3 (Groundball, 6M, EV 100.0 MPH)
|
|
Batting: RHB Luis Villanueva
|
0-0: Foul Ball, location: 2F 0-1: Ball 1-1: Ground out 6-3 (Groundball, 6, EV 106.3 MPH)
|
|
Pinch Hitting: RHB Joe Smack
|
0-0: Ball 1-0: Ball 2-0: Ball 3-0: Called Strike 3-1: Ground out 4-3 (Groundball, 4, EV 81.3 MPH)
|
| Bottom of the 7th over - 0 runs, 0 hits, 0 errors, 0 left on base; Washington 8 - Arizona 7 |
| TOP OF THE 8TH |
|
Washington Nationals batting - Pitching for Arizona Diamondbacks : RHP Gerardo Camacho
|
|
Pitching: RHP Raul Sanchez
|
|
|
Now in LF: Joe Smack
|
|
|
Now in CF: Roy Steigerwald
|
|
|
Batting: LHB Armando Carbajal
|
0-0: Called Strike 0-1: Foul Ball, location: 2F 0-2: Ball 1-2: Foul Ball, location: 2F 1-2: SINGLE (Groundball, 4MD, EV 94.4 MPH)
|
|
Batting: RHB Jared Speck
|
0-0: Called Strike 0-1: Swinging Strike 0-2: Strikes out looking
|
|
Batting: RHB Masashi Yukizawa
|
0-0: Foul Ball, location: 2F 0-1: Called Strike 0-2: Fly out, F9 (Flyball, 9S, EV 90.0 MPH)
|
|
Batting: RHB Tommy Baird
|
0-0: Called Strike 0-1: Ball 1-1: Ball 2-1: Foul Ball, location: 2F 2-2: Foul Ball, location: 2F 2-2: Strikes out swinging
|
| Top of the 8th over - 0 runs, 1 hit, 0 errors, 1 left on base; Washington 8 - Arizona 7 |
| BOTTOM OF THE 8TH |
|
Arizona Diamondbacks batting - Pitching for Washington Nationals : RHP Chris Painter
|
|
Pinch Hitting: LHB Chris Escobar
|
0-0: Called Strike 0-1: Ball 1-1: Called Strike 1-2: Ball 2-2: Foul Ball, location: 2F 2-2: Ball 3-2: Foul Ball, location: 2F 3-2: Fly out, F9 (Flyball, 9LS, EV 95.0 MPH)
|
|
Pinch Hitting: SHB Troy McClure
|
0-0: Foul Ball, location: 2F 0-1: Ground out 4-3 (Groundball, 4S, EV 72.5 MPH)
|
|
Pinch Hitting: LHB Danny Dunham
|
0-0: Ball 1-0: Ball 2-0: Fly out, F7 (Flyball, 78D, EV 91.3 MPH)
|
| Bottom of the 8th over - 0 runs, 0 hits, 0 errors, 0 left on base; Washington 8 - Arizona 7 |
| TOP OF THE 9TH |
|
Washington Nationals batting - Pitching for Arizona Diamondbacks : RHP Raul Sanchez
|
|
Now at 3B: Warren Eisner
|
|
|
Now at SS: Andy Swaim
|
|
|
Now in LF: Troy McClure
|
|
|
Now in CF: Joe Smack
|
|
|
Now in RF: Chris Escobar
|
|
|
Batting: LHB Sidney Pedder
|
0-0: Foul Ball, location: 2F 0-1: Foul Ball, location: 2F 0-2: Ball 1-2: Ball 2-2: Ground out 4-3 (Groundball, 4M, EV 86.9 MPH)
|
|
Batting: RHB Mike Blair
|
0-0: Ball 1-0: Called Strike 1-1: Ball 2-1: Fly out, F2 (Popup, 2RF, EV 94.4 MPH)
|
|
Batting: LHB Yasahiko Teshima
|
0-0: Foul Ball, location: 2F 0-1: Called Strike 0-2: Fly out, F4 (Flyball, 4D, EV 90.6 MPH)
|
| Top of the 9th over - 0 runs, 0 hits, 0 errors, 0 left on base; Washington 8 - Arizona 7 |
| BOTTOM OF THE 9TH |
|
Arizona Diamondbacks batting - Pitching for Washington Nationals : RHP Chris Painter
|
|
Pitching: LHP Chris Baran
|
|
|
Batting: RHB Mario Soto
|
0-0: Called Strike 0-1: Called Strike 0-2: Ball 1-2: Ball 2-2: Foul Ball, location: 2F 2-2: Reached on error, E6 (Groundball, 6, EV 100.6 MPH)
|
|
Batting: RHB Andy Swaim
|
0-0: Ball 1-0: Foul Ball, location: 2F 1-1: Foul Ball, location: 2F 1-2: Foul Ball, location: 2F 1-2: Strikes out swinging
|
|
Pinch Hitting: RHB Billy Crookston
|
0-0: Foul Ball, location: 2F 0-1: Swinging Strike 0-2: Ball 1-2: Ball 2-2: Foul Ball, location: 2F 2-2: Foul Ball, location: 2F 2-2: Ball 3-2: Grounds into double play, 6-4-3 (Groundball, 56, EV 86.9 MPH)
|
| Bottom of the 9th over - 0 runs, 0 hits, 1 error, 0 left on base; Washington 8 - Arizona 7 |
|